 Dungeon Crawl Stone Soup version 0.29.1-12-g30fa7ad0bf (webtiles) character file.

Game seed: 10462633079425160862

85 Gabide the Trooper (level 4, -3/35 HPs)
             Began as a Mummy Berserker on Dec 15, 2022.
             Was a Believer of Trog.
             Killed from afar by Robin (15 damage)
             ... with a puff of flame
             ... on level 3 of the Dungeon.
             The game lasted 00:03:17 (2582 turns).

Gabide the Trooper (Mummy Berserker)                Turns: 2582, Time: 00:03:19

Health: -3/35      AC:  5    Str: 22    XL:     4   Next: 25%
Magic:  4/4        EV: 11    Int:  6    God:    Trog [**....]
Gold:   148        SH:  0    Dex: 11    Spells: 3/3 levels left

rFire   x . .      SeeInvis .     - Unarmed
rCold   + . .      Faith    .   (no shield)
rNeg    + + +      Spirit   .   h - +0 ring mail
rPois   ∞          Reflect  .   (no helmet)
rElec   .          Harm     .   (no cloak)
rCorr   .          Rampage  .   (no gloves)
Will    .....                   (no boots)
Stlth   +.........              (no amulet)
HPRegen 0.11/turn               (no ring)
MPRegen 0.09/turn               (no ring)

@: no status effects
A: cold resistance 1, negative energy resistance 3, torment resistance 2, heat
vulnerability 1, in touch with death 1, no potions
a: Renounce Religion, Trog's Hand


You were on level 3 of the Dungeon.
You worshipped Trog.
Trog was pleased with you.
You visited 1 branch of the dungeon, and saw 3 of its levels.

You collected 148 gold pieces.

Inventory:

Armour
 h - a +0 ring mail (worn)
Scrolls
 a - a scroll of fear
 b - a scroll of magic mapping
 d - a scroll of vulnerability {unknown}
 e - a scroll of identify {unknown}
 f - a scroll of amnesia {unknown}
 g - a scroll of immolation {unknown}
 i - a scroll of teleportation
 j - a scroll of enchant weapon {unknown}
 k - a scroll of brand weapon {unknown}
 l - a scroll of noise {unknown}


   Skills:
 * Level 3.5 Fighting
 - Level 2.0 Armour
 + Level 2.2 Dodging
 * Level 3.3 Unarmed Combat


You had 3 spell levels left.
You didn't know any spells.
Your spell library was empty.

Dungeon Overview and Level Annotations

Branches:
Dungeon (3/15)

Altars:

Annotations:
D:3 Robin


Innate Abilities, Weirdness & Mutations

You are immune to poison.
Your flesh is cold resistant. (rC+)
You are immune to negative energy. (rN+++)
You are immune to unholy pain and torment.
You are vulnerable to heat. (rF-)
You are in touch with the powers of death.
You do not drink.


Message History

The goblin hits you with a +0 club.
You hit the goblin. You punch the goblin.
You kill the goblin!
Trog accepts your kill. Robin throws the goblin at you!
The goblin hits you with a +0 dagger.
Things that are here:
a +0 club; a +0 club You closely miss the goblin.
The goblin barely misses you.
Robin roars a battlecry!
The goblin goes into a battle-frenzy!
A goblin comes into view. It is wielding a +0 dagger.
You hear a shout!
You barely miss the goblin.
You hear an angry hiss.
The goblin barely misses you.
You hit Robin.
Robin is moderately wounded.
The goblin closely misses you.
You hit Robin.
Robin is severely wounded.
The goblin misses you. Robin hits you with a +0 short sword.
You hit the goblin.
You kill the goblin!
Trog accepts your kill. Robin throws the goblin at you!
The goblin hits you but does no damage.
Items here: )))) ††.
You hit the goblin.
The goblin is moderately wounded.
Robin zaps a wand.
The puff of flame misses you.
The puff of flame hits the goblin!
The goblin dies!
Robin zaps a wand.
The puff of flame hits you! The fire burns you terribly!
Things that are here:
a +0 dagger; a goblin corpse Throw: throwing net
Press: ? - help, Q - select action, (/) - cycle Shift-Dir - straight line, f - Robin
Aim: Robin, wielding a +0 short sword, wearing a +0 animal skin, wearing a +1 helmet and carrying a wand of flame (28) (severely wounded, 64% to hit)
You throw a throwing net. The throwing net barely misses Robin.
Robin zaps a wand.
The puff of flame hits you! The fire burns you terribly!
You die...

#.. #.# #.# #.# ### #####
#.# #.. #...# #.# #.#
######...####.#####.#
#g))@.............†).
#####.###########.#####.#
#.....)#### #.#####.#
#.####....#### #.....#.#
#....)†g...... #####.#.#
...#..g.†...... #.#.#
#..~~....... #.#..
#.~.?~g..... #....
#~~~..~..~~.. #....


You could see Robin.

Vanquished Creatures
  3 adders
  A dart slug (D:1)
  An orc (D:3)
  2 endoplasms (D:1)
  4 giant cockroaches
  14 goblins
  3 hobgoblins
  2 jackals (D:1)
  5 kobolds
  A ball python (D:3)
  4 bats
  3 frilled lizards (D:2)
  7 rats (D:1)
50 creatures vanquished.

Vanquished Creatures (others)
  A goblin (D:3)
1 creature vanquished.

Grand Total: 51 creatures vanquished

Notes
Turn   | Place    | Note
-------+----------+-------------------------------------------
     0 | D:1      | Gabide the Mummy Berserker began the quest for the Orb.
     0 | D:1      | Reached XP level 1. HP: 18/18 MP: 1/1
   244 | D:1      | Reached XP level 2. HP: 15/24 MP: 2/2
   414 | D:1      | Found a faded altar of an unknown god.
  1270 | D:1      | Gained mutation: You are in touch with the powers of death.
                  | [Mummy growth]
  1270 | D:1      | Reached XP level 3. HP: 29/29 MP: 3/3
  2233 | D:3      | Reached ** piety under Trog
  2366 | D:3      | Reached XP level 4. HP: 29/35 MP: 4/4
  2455 | D:3      | Noticed Robin
  2582 | D:3      | Killed from afar by Robin

Illustrated notes

Levels and vault maps discovered:
D:1:      dpeg_arrival_ratfight, layout_rooms, chequers_ecumenical_altar_simple
D:2:      layout_basic
D:3:      cheibrodos_helix_gallery, layout_basic, serial_shops, shop,
          uniq_robin, uniq_sigmund

Skill      XL: |  1  2 |
---------------+-------+-----
Armour         | 2 |  2.0
Dodging        | 2 |  2.2
Unarmed Combat | 3 |  3.3
Fighting       | |  3.5

Action                   |  1- 3 |  4- 6 || total
-------------------------+-------+-------++-------
Melee: Unarmed           |   169 |    33 ||   202
       Punch             |     2 |     1 ||     3
Throw: Throwing net      |       |     1 ||     1
  Use: Scroll            |     3 |       ||     3
Armor: Leather armour    |    22 |       ||    22
       Ring mail         |    24 |    14 ||    38
Dodge: Dodged            |   108 |    19 ||   127
